General information
- name: BNet
- type: Ladder team game (AT/RT)
- host: Battle.net
- saver: GobinersMain
map: GnollWood
- players: 6
- length: 42:28
- speed: Fast
- version: 1.21 W3XP
- replay type: Public
» download(294 KB)
Players
team 1 (loser)
Alt-Qx2 (
pink | 52 APM | 2192 actions | 42:27)
2 Death Knight
1 Death Coil
1 Unholy Aura
3 Lich
2 Frost Nova
1 Dark Ritual
» actions
| Assign group hotkey | 2 | |
| Basic commands | 38 | |
| Build / train | 55 | |
| Enter build submenu | 13 | |
| Enter hero's abilities submenu | 5 | |
| Remove unit from queue | 4 | |
| Right click | 1625 | |
| Select / deselect | 358 | |
| Use ability | 92 | |
2192 total
» units
| Acolyte | 2 | |
| Ghoul | 2 | |
| Crypt Fiend | 15 | |
| Obsidian Statue | 3 | |
22 total
» upgrades
| Web | 1 | |
| Creature Attack | 2 | |
| Creature Carapace | 2 | |
5 total
» buildings
| Graveyard | 1 | |
| Crypt | 1 | |
| Ziggurat | 6 | |
| Altar of Darkness | 1 | |
| Tomb of Relics | 1 | |
| Halls of the Dead | 1 | |
| Slaughterhouse | 1 | |
| Spirit Tower | 3 | |
| Nerubian Tower | 1 | |
| Black Citadel | 1 | |
17 total
» build order
00:08 Graveyard
00:11 Crypt
00:40 Ziggurat
01:04 Altar of Darkness
02:02 Ziggurat
02:05 Tomb of Relics
02:55 Ziggurat
04:03 Halls of the Dead
05:41 Ziggurat
06:56 Slaughterhouse
08:12 Spirit Tower
08:14 Nerubian Tower
10:42 Spirit Tower
12:12 Ziggurat
13:04 Ziggurat
14:19 Black Citadel
16:51 Spirit Tower
» items
| Rod of Necromancy | 3 | |
| Dust of Appearance | 2 | |
| Scroll of Protection | 1 | |
| Scroll of Town Portal | 1 | |
| Potion of Healing | 2 | |
| Potion of Mana | 1 | |
| Boots of Speed | 1 | |
11 total

»
Blood-ReiGn (
teal | 87 APM | 3675 actions | 42:22)
3 Beastmaster
2 Summon Quilbeast
1 Summon Hawk
1 Shadow Hunter
1 Hex
» actions
| Assign group hotkey | 99 | |
| Basic commands | 322 | |
| Build / train | 104 | |
| ESC pressed | 1 | |
| Enter build submenu | 45 | |
| Enter hero's abilities submenu | 4 | |
| Give item / drop item | 3 | |
| Remove unit from queue | 8 | |
| Right click | 1340 | |
| Select / deselect | 798 | |
| Select group hotkey | 771 | |
| Use ability | 180 | |
3675 total
» units
| Peon | 25 | |
| Grunt | 7 | |
| Demolisher | 10 | |
| Tauren | 8 | |
| Troll Headhunter/Berserker | 6 | |
56 total
» upgrades
| Melee Weapons | 3 | |
| Pillage | 1 | |
| Berserker Strength | 1 | |
| Burning Oil | 1 | |
| Ranged Weapons | 3 | |
| Armor | 3 | |
| Reinforced Defenses | 1 | |
| Pulverize | 1 | |
| Berserker Upgrade | 1 | |
| Troll Regeneration | 1 | |
| Spiked Barricades | 1 | |
| Shaman Training | 1 | |
18 total
» buildings
| Barracks | 4 | |
| Orc Burrow | 6 | |
| Altar of Storms | 1 | |
| Voodoo Lounge | 1 | |
| Stronghold | 1 | |
| War Mill | 1 | |
| Watch Tower | 22 | |
| Fortress | 1 | |
| Tauren Totem | 1 | |
| Great Hall | 1 | |
| Spirit Lodge | 1 | |
40 total
» build order
00:13 Barracks
00:34 Orc Burrow
00:50 Barracks
01:28 Altar of Storms
02:03 Orc Burrow
02:17 Voodoo Lounge
03:49 Orc Burrow
03:55 Orc Burrow
05:37 Stronghold
06:20 War Mill
08:40 Watch Tower
08:42 Watch Tower
08:53 Watch Tower
10:05 Fortress
10:32 Watch Tower
12:57 Tauren Totem
14:07 Watch Tower
19:24 Watch Tower
19:26 Watch Tower
19:29 Watch Tower
19:32 Watch Tower
19:35 Watch Tower
20:03 Great Hall
20:10 Watch Tower
20:13 Watch Tower
20:34 Watch Tower
20:35 Watch Tower
21:30 Watch Tower
21:31 Watch Tower
21:32 Watch Tower
21:34 Watch Tower
21:36 Watch Tower
24:52 Orc Burrow
24:55 Orc Burrow
26:14 Barracks
26:18 Barracks
27:45 Watch Tower
27:48 Watch Tower
28:27 Watch Tower
34:13 Spirit Lodge
» items
| Healing Salve | 3 | |
| Lesser Clarity Potion | 3 | |
| Scroll of Speed | 3 | |
| Scroll of Town Portal | 3 | |
| Potion of Healing | 2 | |
14 total

»
PinO (
green | 81 APM | 3452 actions | 42:24)
4 Crypt Lord
2 Carrion Beetles
2 Impale
» actions
| Assign group hotkey | 53 | |
| Basic commands | 120 | |
| Build / train | 109 | |
| ESC pressed | 16 | |
| Enter build submenu | 53 | |
| Enter hero's abilities submenu | 4 | |
| Right click | 1468 | |
| Select / deselect | 533 | |
| Select group hotkey | 903 | |
| Use ability | 193 | |
3452 total
» units
| Acolyte | 39 | |
| Ghoul | 4 | |
| Crypt Fiend | 25 | |
68 total
» upgrades
| Web | 1 | |
| Creature Attack | 2 | |
| Burrow | 1 | |
| Creature Carapace | 2 | |
6 total
» buildings
| Graveyard | 1 | |
| Crypt | 2 | |
| Ziggurat | 25 | |
| Altar of Darkness | 1 | |
| Tomb of Relics | 2 | |
| Halls of the Dead | 3 | |
| Black Citadel | 1 | |
| Sacrificial Pit | 1 | |
| Nerubian Tower | 3 | |
| Boneyard | 1 | |
| Spirit Tower | 12 | |
| Necropolis | 3 | |
| Slaughterhouse | 3 | |
58 total
» build order
00:08 Graveyard
00:10 Crypt
00:38 Ziggurat
00:57 Altar of Darkness
01:44 Tomb of Relics
02:00 Ziggurat
03:53 Halls of the Dead
03:54 Halls of the Dead
04:32 Ziggurat
06:50 Black Citadel
06:53 Sacrificial Pit
07:29 Ziggurat
08:32 Nerubian Tower
09:13 Boneyard
10:04 Spirit Tower
10:47 Ziggurat
10:51 Ziggurat
11:23 Necropolis
13:14 Ziggurat
13:15 Ziggurat
13:17 Ziggurat
13:19 Ziggurat
13:20 Ziggurat
13:22 Ziggurat
13:25 Ziggurat
14:08 Ziggurat
14:10 Spirit Tower
14:10 Spirit Tower
14:11 Nerubian Tower
14:14 Ziggurat
14:16 Ziggurat
14:25 Ziggurat
14:27 Ziggurat
14:31 Tomb of Relics
14:48 Crypt
15:05 Spirit Tower
15:17 Spirit Tower
15:38 Nerubian Tower
16:33 Spirit Tower
16:34 Spirit Tower
19:04 Slaughterhouse
19:15 Slaughterhouse
26:41 Necropolis
28:40 Necropolis
29:50 Ziggurat
30:01 Ziggurat
30:03 Ziggurat
30:17 Ziggurat
30:56 Spirit Tower
30:56 Spirit Tower
30:56 Spirit Tower
31:05 Ziggurat
32:26 Ziggurat
32:27 Ziggurat
34:20 Spirit Tower
34:20 Spirit Tower
36:21 Slaughterhouse
» items
| Rod of Necromancy | 3 | |
| Scroll of Town Portal | 5 | |
| Scroll of Healing | 1 | |
| Potion of Healing | 1 | |
| Orb of Corruption | 1 | |
11 total
team 2 (winner)
gobinersfagface (
yellow | 92 APM | 2912 actions | 31:45)
5 Mountain King
3 Storm Bolt
2 Bash
3 Paladin
2 Holy Light
1 Devotion Aura
» actions
| Assign group hotkey | 28 | |
| Basic commands | 57 | |
| Build / train | 79 | |
| ESC pressed | 8 | |
| Enter build submenu | 33 | |
| Enter hero's abilities submenu | 8 | |
| Give item / drop item | 5 | |
| Right click | 1248 | |
| Select / deselect | 307 | |
| Select group hotkey | 989 | |
| Use ability | 150 | |
2912 total
» units
» buildings
| Altar of Kings | 2 | |
| Lumber Mill | 2 | |
| Farm | 6 | |
| Scout Tower | 27 | |
| Arcane Tower | 4 | |
| Guard Tower | 22 | |
| Arcane Vault | 1 | |
| Town Hall | 1 | |
| Keep | 1 | |
66 total
» build order
00:10 Altar of Kings
00:24 Lumber Mill
00:36 Farm
01:01 Scout Tower
01:15 Farm
01:27 Scout Tower
01:50 Arcane Tower
01:50 Arcane Tower
02:08 Guard Tower
02:09 Guard Tower
02:09 Guard Tower
02:21 Farm
02:35 Scout Tower
03:15 Guard Tower
03:18 Scout Tower
03:20 Scout Tower
03:23 Scout Tower
03:37 Arcane Vault
03:56 Guard Tower
03:56 Guard Tower
03:58 Guard Tower
03:58 Guard Tower
04:21 Scout Tower
04:21 Scout Tower
05:41 Guard Tower
05:41 Guard Tower
06:22 Scout Tower
06:23 Scout Tower
06:59 Farm
07:00 Farm
07:22 Town Hall
07:37 Scout Tower
07:38 Scout Tower
07:39 Scout Tower
08:11 Arcane Tower
12:40 Lumber Mill
12:43 Keep
16:26 Altar of Kings
16:29 Farm
18:45 Scout Tower
18:46 Scout Tower
19:17 Scout Tower
19:17 Scout Tower
19:17 Scout Tower
19:19 Guard Tower
19:20 Scout Tower
19:21 Scout Tower
20:33 Guard Tower
20:34 Guard Tower
20:57 Scout Tower
20:58 Scout Tower
20:59 Scout Tower
20:59 Scout Tower
21:29 Scout Tower
21:30 Scout Tower
21:31 Scout Tower
21:32 Guard Tower
22:38 Guard Tower
» items
| Healing Salve | 5 | |
| Lesser Clarity Potion | 4 | |
| Scroll of Speed | 2 | |
| Staff of Teleportation | 2 | |
| Boots of Speed | 2 | |
| Orb of Lightning | 2 | |
| Potion of Healing | 1 | |
| Potion of Mana | 1 | |
19 total
GobinersMain (
orange | 41 APM | 1724 actions | 42:28)
6 Blademaster
3 Wind Walk
2 Critical Strike
1 Bladestorm
» actions
| Assign group hotkey | 18 | |
| Basic commands | 3 | |
| Build / train | 71 | |
| ESC pressed | 9 | |
| Enter build submenu | 53 | |
| Enter hero's abilities submenu | 6 | |
| Give item / drop item | 1 | |
| Right click | 762 | |
| Select / deselect | 277 | |
| Select group hotkey | 348 | |
| Use ability | 175 | |
1724 total
» units
» upgrades
| Ranged Weapons | 4 | |
| Armor | 4 | |
| Reinforced Defenses | 2 | |
| Liquid Fire | 1 | |
| Spiked Barricades | 3 | |
| Troll Regeneration | 1 | |
15 total
» buildings
| Altar of Storms | 2 | |
| Orc Burrow | 4 | |
| War Mill | 1 | |
| Watch Tower | 43 | |
| Voodoo Lounge | 2 | |
| Stronghold | 1 | |
| Fortress | 1 | |
| Beastiary | 2 | |
| Barracks | 2 | |
58 total
» build order
00:07 Altar of Storms
00:12 Altar of Storms
00:20 Orc Burrow
00:28 War Mill
01:41 Watch Tower
01:57 Watch Tower
02:13 Orc Burrow
02:54 Watch Tower
02:59 Watch Tower
03:03 Voodoo Lounge
03:50 Watch Tower
03:53 Watch Tower
04:14 Watch Tower
04:18 Watch Tower
05:25 Watch Tower
05:26 Watch Tower
05:30 Stronghold
06:09 Watch Tower
06:36 Watch Tower
06:37 Watch Tower
06:43 Orc Burrow
06:46 Orc Burrow
07:47 Watch Tower
07:48 Watch Tower
07:51 Watch Tower
08:00 Watch Tower
08:01 Fortress
08:39 Beastiary
08:49 Beastiary
09:04 Watch Tower
10:30 Voodoo Lounge
10:41 Watch Tower
12:07 Watch Tower
12:07 Watch Tower
12:08 Watch Tower
12:11 Watch Tower
12:13 Watch Tower
13:11 Watch Tower
13:13 Watch Tower
14:32 Watch Tower
14:33 Watch Tower
15:13 Watch Tower
15:14 Watch Tower
15:15 Watch Tower
15:16 Watch Tower
15:17 Watch Tower
15:18 Watch Tower
16:02 Watch Tower
16:03 Watch Tower
16:04 Watch Tower
16:05 Watch Tower
16:06 Watch Tower
17:02 Watch Tower
17:03 Watch Tower
18:41 Watch Tower
18:47 Watch Tower
21:10 Barracks
30:06 Barracks
» items
| Boots of Speed | 1 | |
| Staff of Teleportation | 1 | |
| Lesser Clarity Potion | 6 | |
| Healing Salve | 3 | |
| Orb of Lightning | 1 | |
| Potion of Mana | 1 | |
| Potion of Healing | 1 | |
| Tiny Great Hall | 1 | |
15 total
MrFrosty (
blue | 108 APM | 4601 actions | 42:28)
5 Archmage
3 Blizzard
2 Brilliance Aura
4 Blood Mage
2 Flame Strike
2 Siphon Mana
2 Paladin
1 Devotion Aura
1 Divine Shield
» actions
| Assign group hotkey | 17 | |
| Basic commands | 121 | |
| Build / train | 108 | |
| ESC pressed | 2 | |
| Enter build submenu | 68 | |
| Enter hero's abilities submenu | 12 | |
| Give item / drop item | 5 | |
| Remove unit from queue | 1 | |
| Right click | 2443 | |
| Select / deselect | 585 | |
| Select group hotkey | 896 | |
| Use ability | 343 | |
4601 total
» units
| Peasant | 22 | |
| Priest | 4 | |
| Sorceress | 3 | |
29 total
» upgrades
| Masonry | 3 | |
| Lumber Harvesting | 1 | |
| Magic Sentry | 1 | |
| Sorceress Training | 2 | |
| Priest Training | 2 | |
9 total
» buildings
| Altar of Kings | 1 | |
| Farm | 5 | |
| Scout Tower | 73 | |
| Lumber Mill | 2 | |
| Arcane Tower | 10 | |
| Guard Tower | 29 | |
| Town Hall | 2 | |
| Keep | 1 | |
| Arcane Sanctum | 1 | |
| Castle | 1 | |
| Arcane Vault | 1 | |
126 total
» build order
00:20 Altar of Kings
00:36 Farm
00:50 Scout Tower
00:56 Lumber Mill
01:17 Farm
01:21 Lumber Mill
01:22 Arcane Tower
01:39 Scout Tower
02:27 Guard Tower
03:31 Scout Tower
03:32 Scout Tower
03:53 Scout Tower
03:55 Scout Tower
03:59 Scout Tower
04:02 Scout Tower
04:20 Arcane Tower
04:21 Guard Tower
04:24 Town Hall
04:30 Guard Tower
04:33 Scout Tower
04:34 Scout Tower
05:01 Scout Tower
05:03 Guard Tower
05:14 Guard Tower
05:23 Scout Tower
05:23 Scout Tower
05:24 Scout Tower
05:43 Guard Tower
05:44 Scout Tower
05:45 Scout Tower
05:50 Farm
06:16 Guard Tower
06:22 Guard Tower
06:45 Arcane Tower
06:47 Guard Tower
06:50 Scout Tower
06:51 Scout Tower
06:56 Scout Tower
06:56 Scout Tower
06:57 Scout Tower
06:58 Scout Tower
07:48 Guard Tower
07:53 Arcane Tower
07:54 Guard Tower
08:48 Keep
09:04 Scout Tower
09:05 Scout Tower
09:28 Scout Tower
09:28 Scout Tower
09:29 Scout Tower
10:00 Guard Tower
10:04 Scout Tower
10:05 Scout Tower
10:28 Scout Tower
10:39 Arcane Tower
10:41 Guard Tower
10:44 Guard Tower
11:09 Guard Tower
11:13 Scout Tower
11:14 Scout Tower
11:15 Scout Tower
12:23 Guard Tower
13:00 Arcane Sanctum
13:06 Guard Tower
13:08 Scout Tower
13:13 Scout Tower
13:14 Scout Tower
13:15 Scout Tower
13:16 Scout Tower
13:39 Arcane Tower
14:17 Farm
14:30 Guard Tower
15:20 Scout Tower
15:47 Scout Tower
15:48 Arcane Tower
15:54 Farm
16:17 Guard Tower
18:54 Castle
20:07 Arcane Vault
22:00 Scout Tower
22:03 Scout Tower
22:05 Scout Tower
22:06 Scout Tower
22:06 Scout Tower
22:49 Guard Tower
22:50 Scout Tower
23:02 Guard Tower
23:18 Arcane Tower
23:47 Scout Tower
23:48 Scout Tower
24:14 Scout Tower
24:14 Scout Tower
24:16 Scout Tower
24:18 Scout Tower
24:20 Scout Tower
24:21 Scout Tower
24:57 Guard Tower
25:00 Scout Tower
25:01 Scout Tower
25:04 Scout Tower
25:12 Town Hall
25:17 Guard Tower
25:28 Scout Tower
25:30 Scout Tower
25:32 Scout Tower
25:34 Arcane Tower
25:58 Arcane Tower
26:02 Guard Tower
29:09 Scout Tower
29:10 Scout Tower
29:11 Scout Tower
29:11 Scout Tower
29:47 Guard Tower
29:49 Scout Tower
29:51 Scout Tower
29:52 Scout Tower
29:54 Scout Tower
30:22 Guard Tower
30:26 Scout Tower
30:27 Scout Tower
30:59 Guard Tower
31:04 Guard Tower
31:08 Scout Tower
31:08 Scout Tower
32:13 Guard Tower
» items
| Staff of Teleportation | 2 | |
| Boots of Speed | 2 | |
| Periapt of Vitality | 2 | |
| Circlet of Nobility | 1 | |
| Staff of Sanctuary | 2 | |
| Scroll of Town Portal | 1 | |
| Orb of Lightning | 1 | |
| Tome of Retraining | 1 | |
12 total
Chat log
(00:08 / Allies) MrFrosty: GIOBBUEBS?!!!!!!!
(00:10 / Allies) GobinersMain: what the hell is this map
(00:15 / Allies) MrFrosty: that sas GOBINER!!!!!!!!!
(00:18 / Allies) gobinersfagface: its called gobiners a faggot
(00:30 / Allies) MrFrosty: its called my hero is late b/c gob is dumb
(00:45 / Allies) gobinersfagface: its a shame we got shitty spawns
(00:53 / Allies) GobinersMain: never towered on this map
(00:54 / Allies) gobinersfagface: bottom spawns are awesome
(01:04 / Allies) gobinersfagface: not awesome but alot better
(01:06 / Allies) MrFrosty: middle mines are big
(01:10 / Allies) MrFrosty: map is bad
(01:10 / Allies) gobinersfagface: huge
(01:39 / Allies) gobinersfagface: iom feeling really bad about this so just going mk pally for fun
(01:44 / Allies) MrFrosty: alrite
(02:03 / Allies) MrFrosty: im going to to fe
(02:10 / Allies) gobinersfagface: gl
(02:13 / Allies) MrFrosty: yah
(02:15 / Allies) MrFrosty: no kidding
(02:38 / Allies) GobinersMain: double rax
(02:40 / Allies) MrFrosty: what
(03:43 / Allies) GobinersMain: this guy has micro
(03:50 / Allies) MrFrosty: this went ok
(03:51 / Allies) gobinersfagface: how would u know
(03:59 / Allies) GobinersMain: I know what it looks like
(04:03 / Allies) gobinersfagface: spotted
(04:06 / Allies) gobinersfagface: gg
(04:11 / Allies) GobinersMain: nice towers
(04:11 / Allies) MrFrosty: nice towers
(04:15 / Allies) MrFrosty: owned.
(04:27 / Allies) MrFrosty: its a cl militia you nub
(04:41 / Allies) gobinersfagface: gg
(04:42 / Allies) GobinersMain: nice
(04:43 / Allies) gobinersfagface: 2 fiends
(04:44 / Allies) MrFrosty: thats a dk ur fucked
(04:44 / Allies) gobinersfagface: with dk
(05:07 / Allies) gobinersfagface: can we quit please
(05:10 / Allies) MrFrosty: no
(05:12 / Allies) gobinersfagface: nvm u got epxo
(05:23 / Allies) gobinersfagface: TECH GIOB
(07:39 / Allies) MrFrosty: lopl
(07:41 / Allies) GobinersMain: you probably want me to tower that don't you
(08:14 / Allies) gobinersfagface: ya i need gold
(08:22 / Allies) gobinersfagface: gob ur fucking base is blocked and i dont have a staff
(08:24 / Allies) GobinersMain: actually I need gold
(08:49 / Allies) gobinersfagface: thats alot of fucking grunts
(08:53 / Allies) gobinersfagface: ur boned if he hits
(08:57 / Allies) MrFrosty: no kidding
(09:06 / Allies) gobinersfagface: ill fight with peasants
(09:54 / Allies) MrFrosty: need an orc shop[pppppppppp
(10:14 / Allies) gobinersfagface: hero is boned
(10:30 / Allies) gobinersfagface: gob u dumbass u need shop for bats'
(10:36 / Allies) GobinersMain: yeah I forgot
(10:45 / Allies) gobinersfagface: and now u blocked again
(10:52 / Allies) gobinersfagface: o peon
(12:29 / Allies) gobinersfagface: gold us tia
(12:33 / Allies) gobinersfagface: or me
(13:46 / Allies) gobinersfagface: THIS
(13:51 / Allies) gobinersfagface: NIGGER
(14:20 / Allies) gobinersfagface: mas bats
(14:22 / Allies) gobinersfagface: n an attack up
(14:45 / Allies) gobinersfagface: ok now all money to towering this for gosg
(14:46 / Allies) gobinersfagface: gob
(15:36 / Allies) gobinersfagface: i got bats
(15:40 / Allies) GobinersMain: okay
(16:06 / Allies) gobinersfagface: disttackt towers
(16:55 / Allies) gobinersfagface: dk
(17:18 / Allies) gobinersfagface: acos
(17:32 / Allies) GobinersMain: lumber
(18:10 / Allies) gobinersfagface: gold me if u can anyone
(18:52 / Allies) GobinersMain: they got shades?
(19:01 / Allies) MrFrosty: hawk
(20:20 / Allies) gobinersfagface: gold me im trying to tower this area for no reason
(20:31 / Allies) MrFrosty: mains are getting empty dawg
(20:36 / Allies) MrFrosty: cant keep this up
(20:46 / Allies) gobinersfagface: need an expo then i guess
(21:11 / Allies) MrFrosty: tt
(21:22 / Allies) gobinersfagface: t this fast frosty
(22:02 / Allies) gobinersfagface: fight him
(22:05 / Allies) gobinersfagface: away from towers
(22:07 / Allies) gobinersfagface: if we can
(22:43 / Allies) gobinersfagface: build
(24:02 / Allies) MrFrosty: niceeeeeee
(24:09 / Allies) gobinersfagface: i have 0 gold lol
(24:18 / Allies) gobinersfagface: which is fine
(24:21 / Allies) gobinersfagface: jkuist keep that
(24:24 / Allies) gobinersfagface: his teals expo imo
(24:29 / Allies) gobinersfagface: ugh
(24:31 / Allies) gobinersfagface: no fort upgrade
(24:44 / Allies) gobinersfagface: aoe it ill just wait by u
(25:37 / Allies) GobinersMain: I'm considering dropping a minihall here
(26:08 / Allies) gobinersfagface: ugh i got devotion
(26:13 / Allies) MrFrosty: trying to expo
(26:26 / Allies) MrFrosty: no cancel
(26:27 / Allies) MrFrosty: fucking owned
(26:35 / Allies) gobinersfagface: fight him
(26:52 / Allies) GobinersMain: get pink
(26:58 / Allies) GobinersMain: kill dat mofo
(27:16 / Allies) gobinersfagface: 2 MAS
(27:18 / Allies) gobinersfagface: bats please
(27:32 / Allies) GobinersMain: creep that?
(27:41 / Allies) gobinersfagface: k
(27:46 / Allies) GobinersMain: I'm worried my peons will get raped
(27:49 / Allies) MrFrosty: nvm
(27:59 / Allies) gobinersfagface: this is a big problem
(28:07 / Allies) GobinersMain: they got wards or something there
(28:12 / Allies) MrFrosty: im going to come through here for harrass
(28:15 / Allies) gobinersfagface: tons of towers we cant lost that
(28:23 / Allies) MrFrosty: alrite
(28:30 / Allies) MrFrosty: a shade
(28:51 / Allies) gobinersfagface: welp
(29:00 / Allies) gobinersfagface: gold me for items plz
(29:08 / Allies) gobinersfagface: ty
(29:17 / Allies) GobinersMain: scan
(29:26 / Allies) GobinersMain: I'm gonna tiny that
(29:51 / Allies) gobinersfagface: get a rax and troll regen imho
(29:56 / Allies) GobinersMain: theres a fountain
(29:57 / Allies) GobinersMain: fyi
(29:58 / Allies) MrFrosty: fuck
(30:00 / Allies) gobinersfagface: ya but
(30:24 / Allies) gobinersfagface: gold plz
(30:27 / Allies) gobinersfagface: then lets fitht it
(30:35 / Allies) gobinersfagface: need orb
(30:49 / Allies) MrFrosty: fuck off i lost a sorc
(30:53 / Allies) MrFrosty: what is that shit
(31:02 / Allies) MrFrosty: both staffed hurr 1 dead
(31:18 / Allies) gobinersfagface: scan it
(31:19 / Allies) gobinersfagface: toiwers?\
(31:45 / Allies) gobinersfagface: lagg urgh
(36:15 / Allies) GobinersMain: my expo is good
(36:20 / Allies) MrFrosty: woooot
(37:22 / Allies) GobinersMain: you got more devotion aura
(38:22 / Allies) MrFrosty: its kind of tough keeping this harrass up but its going ok
(38:34 / Allies) GobinersMain: is there a base I can hit
(38:44 / Allies) MrFrosty: got fort now
(39:18 / Allies) GobinersMain: and a million zerks
(41:19 / Allies) GobinersMain: they're expo is gone
(41:24 / Allies) GobinersMain: the orc one at least
(42:24 / All) GobinersMain: 2 e z